[Event "Vojvodina Open 2024-A 2024"]
[Site "Novi Sad"]
[Date "2024.06.28"]
[Round "6.1"]
[White "Safarli, Eltaj"]
[Black "Sedlak, Nikola"]
[Result "1-0"]
[ECO "B10"]
[WhiteElo "2595"]
[BlackElo "2426"]
[Annotator "TA"]
[PlyCount "57"]
[EventDate "2024.06.03"]
[EventType "swiss"]
[EventCountry "SRB"]
[SourceTitle "playchess.com"]
[Source "ChessBase"]
[SourceQuality "1"]
[TimeControl "40/5400+30:900+30"]

1. e4 c6 2. Nf3 d5 3. d3 g6 4. e5 Bg7 5. d4 f6 6. exf6 Nxf6 7. Be2 O-O 8. O-O {[%emt 0:00:06] White has an edge.} c5 9. dxc5 Nc6 10. Nc3 Kh8 11. Bg5 $36 {[%emt 0:02:27][%mdl 2048] White is more active.} Be6 12. Re1 (12. a3 $16) 12... Ne4 13. Be3 {[%emt 0:02:30] Nxe4 would now be deadly.} Nxc3 14. bxc3 Bg8 (14... Bxc3 $11 15. Nd4 Bxd4 16. Bxd4+ Kg8) 15. Rb1 Bxc3 (15... Qc7 $14) 16. Rxb7 ({White should play} 16. Bb5 {[%cal Ob5c6] Black must now prevent Bxc6!} Bxe1 17. Bxc6 Bxf2+ 18. Bxf2 bxc6 19. Qd4+ Rf6 20. Bh4) 16... Bxe1 (16... Rb8 $16 17. Rxb8 Qxb8) 17. Qxe1 $18 {[%emt 0:00:23] And now Bb5 would win.} d4 18. Qa1 {[%emt 0:04:18][%cal Rf3d4] White is more active.} Bd5 (18... e5 19. Nxe5 (19. Bh6 Bd5 $16) 19... Rc8 20. Nxc6 Rxc6 21. Bxd4+ (21. Qxd4+ Qf6 $18) (21. Rb8 Be6 $18) 21... Rff6 22. Rb8 $18 (22. Bxf6+ Qxf6 23. Qxf6+ Rxf6 $18)) 19. Nxd4 Kg8 $2 (19... Nxd4 {might work better.} 20. Qxd4+ Kg8) 20. Nxc6 Bxc6 {[%emt 0:00:06] [#] Black is weak on the dark squares} 21. Rxe7 Rf7 {[%emt 0:00:06] Dodges Qg7+} (21... Qxe7 $2 {is the wrong capture.} 22. Bc4+ Rf7 23. Bh6 $18 (23. Bxf7+ $2 {too greedy.} Kxf7 24. Qc3 Re8 $19) (23. Bxf7+ $2 Kxf7 24. Qc3 Re8 $19)) 22. Rxf7 Kxf7 23. Bc4+ Bd5 24. Qd4 Bxc4 25. Qxc4+ Kg7 26. Bd4+ Kh6 $2 {[%emt 0:00:23] [#]} (26... Kf8 27. h4 Rc8) 27. h4 $1 Qe7 (27... Rb8 28. Be5) 28. Be3+ Kg7 29. Qd4+ {[%emt 0:00:13] Weighted Error Value: White=0.15 (very precise) /Black=0.33.  Mistake:       	White=3     	Black=5      Inaccurate:     	White=2     	Black=3      OK:         	White=9     	Black=3      Best:        	---       	Black=4} 1-0

[Event "Vojvodina Open 2024-A 2024"]
[Site "Novi Sad"]
[Date "2024.06.28"]
[Round "6.2"]
[White "Narayanan, Srinath"]
[Black "Manish Anto Cristiano F"]
[Result "0-1"]
[ECO "E54"]
[WhiteElo "2533"]
[BlackElo "2307"]
[Annotator "TA"]
[PlyCount "120"]
[EventDate "2024.06.03"]
[EventType "swiss"]
[EventCountry "SRB"]
[SourceTitle "playchess.com"]
[Source "ChessBase"]
[SourceQuality "1"]
[TimeControl "40/5400+30:900+30"]

1. d4 Nf6 2. c4 e6 3. Nc3 Bb4 4. e3 O-O 5. Bd3 d5 6. Nf3 c5 7. O-O cxd4 8. exd4 dxc4 9. Bxc4 b6 10. Bd3 Bb7 11. a3 Bxc3 12. bxc3 Qc7 13. c4 Nbd7 14. Re1 Ba6 15. Ne5 {[%emt 0:11:16] White is slightly better.} Nxe5 16. dxe5 Nd7 17. Bb2 (17. Qh5 {seems wilder.} g6 18. Qh4 Nxe5 19. Be4) 17... Rfd8 18. Re3 (18. Bxh7+ $5 Kxh7 19. Qh5+ Kg8 20. Re3 $11) 18... g6 (18... Bxc4 $6 19. Qc2 Rac8 20. Bxh7+ Kf8 21. Rg3 $16) 19. Qe2 Rac8 20. Rc1 Nc5 21. Bc2 Nb7 22. h4 Qe7 23. Re4 Na5 24. Ba4 Rc5 {[%emt 0:04:03] Black is more active.} 25. Qg4 (25. Bb5 $17 {keeps fighting.} Bxb5 26. cxb5) 25... Nxc4 $1 $19 26. Rexc4 (26. Rcxc4 Bxc4 27. Rxc4 b5 28. Bxb5 (28. Rxc5 $2 Qxc5 29. Qg5 Rd3 $19) 28... Rxb5 $19) (26. Bd4 {might work better.} Rxd4 27. Rxd4) 26... Bxc4 27. Rxc4 b5 28. Rb4 (28. Rxc5 Qxc5 29. Bxb5 Qxb5) 28... bxa4 29. h5 a5 30. Rf4 (30. Rxa4 $142 Qb7 31. hxg6 Qxb2 (31... hxg6 $2 32. Bd4 $19) 32. gxf7+ Kh8 33. Qxe6 Qxe5 (33... Qa1+ $2 34. Kh2 $19) 34. Qxe5+ Rxe5 35. Rd4) 30... Rd2 31. hxg6 fxg6 (31... Rxb2 32. gxf7+ Kh8 33. Qg8#) 32. Bd4 Rc4 33. Kh2 Qd7 (33... Qxa3 34. Qxe6+ Kg7 35. Qd7+ (35. Qxc4 Qe7 36. e6+ Kh6 37. Bc3 Kh5 38. Bxd2 Qd8 39. Qe2+ Kh6 40. Rf7+ g5) 35... Kg8 36. Rf7) 34. Qf3 $2 (34. Be3 Rxf4 35. Qxf4) 34... Rcxd4 35. Rf8+ Kg7 36. Qf6+ Kh6 37. Rf7 Qd8 38. Re7 Rg4 {[%emt 0:08:28] ...Qg8 would now be deadly.} 39. Kh3 Rdd4 40. g3 {[%emt 0:00:00][%cal Of2f4] [#] Against Rh4+} Qa8 $1 (40... Qg8 41. f3 Rg5 42. g4 $11) 41. Qg7+ Kh5 42. Qxh7+ Kg5 43. Rb7 Qf8 44. Rf7 (44. f4+ $142 Rdxf4 45. gxf4+ Rxf4 46. Qe7+ Qxe7 47. Rxe7) 44... Qxa3 (44... Qh6+ 45. Qxh6+ Kxh6 46. f4 $19) 45. Kg2 Qd3 46. Rf3 Rd7 47. Qh8 Qe4 48. Qf6+ Kh6 49. Kh3 Rg5 50. Qf8+ {[%emt 0:01:30] [#]} Rg7 $1 ({Worse is} 50... Kh7 51. Rf7+ Rxf7 52. Qxf7+ Kh8 (52... Kh6 53. Qf8+ Kh7 54. Qf7+ Kh8 55. Qf8+ Kh7 56. Qf7+ $11) 53. Qe8+ Kg7 54. Qe7+ Kg8 (54... Kh6 55. Qf8+ Kh7 56. Qf7+ Kh8 57. Qf6+ Kg8 58. Qd8+ Kf7 59. Qd7+ Kf8 60. Qd8+ Kf7 61. Qd7+ Kf8 62. Qd8+ Kf7 $11) 55. Qe8+ Kg7 56. Qe7+ Kh6 57. Qf8+ Kh7 58. Qf7+ Kh6 59. Qf8+ Kh7 60. Qe7+ (60. Qf7+ Kh8 $11) 60... Kh6 (60... Kg8 61. Qe8+ Kg7 $11) 61. Qf8+ $11) 51. Qh8+ Rh7 52. Qf8+ Kh5 {[%emt 0:00:06][%cal Og5f5] ( -> ...Rf5!)} 53. Qg8 Rh6 {[%emt 0:00:10] Black mates.} 54. Qf7 Rf5 55. Qe7 Qg4+ ({Inferior is} 55... Qxf3 56. Qh4#) 56. Kh2 Rxf3 57. Kg2 Rf5 58. f4 Qe2+ 59. Kg1 Kg4 60. Qh7 Qe3+ {[%emt 0:00:32] White did not feel at home in the position after the opening.   Weighted Error Value: White=0.48/Black=0.36.  Mistake:       	White=5     	---        Inaccurate:     	White=3     	Black=1      OK:         	White=7     	Black=13     Best:        	White=1     	Black=4      Strong:       	---       	Black=1} 0-1

[Event "Vojvodina Open 2024-A 2024"]
[Site "Novi Sad"]
[Date "2024.06.28"]
[Round "6.3"]
[White "Harshavardhan G B"]
[Black "Durucay, Uygar"]
[Result "1/2-1/2"]
[ECO "E42"]
[WhiteElo "2433"]
[BlackElo "2026"]
[Annotator "TA"]
[PlyCount "56"]
[EventDate "2024.06.03"]
[EventType "swiss"]
[EventCountry "SRB"]
[SourceTitle "playchess.com"]
[Source "ChessBase"]
[SourceQuality "1"]
[TimeControl "40/5400+30:900+30"]

1. d4 Nf6 2. c4 e6 3. Nc3 Bb4 4. e3 c5 5. Nge2 d5 6. a3 Bxc3+ 7. Nxc3 cxd4 8. exd4 Nc6 9. c5 O-O 10. Bb5 e5 11. dxe5 Nxe5 {[%emt 0:00:18] [#] Strongly threatening ...d4.} 12. Qd4 (12. Bf4 $5 Nc6 13. O-O $16) 12... Bd7 {[%emt 0:11:29] Hoping for ...Bxb5.} 13. O-O {[%emt 0:00:00] White has an edge.} (13. Qxe5 $2 {is the wrong capture.} Re8 $19) 13... Bxb5 14. Nxb5 Nc6 15. Qd3 Ne4 16. b4 Ne5 17. Qd4 Nc6 {Excellent horsemanship.} 18. Qb2 Qh4 (18... a6 $11 19. Nd4 Qf6) 19. f3 $16 Nf6 20. Be3 (20. Nd6 $18) 20... Rad8 (20... a5 $16) 21. Qd2 h6 22. Bf4 (22. Nd6 $18) 22... Rd7 23. Rae1 a6 24. Nd6 d4 25. Nf5 Qh5 26. Qd3 {White is more active.} (26. g4 $16 Qh3 27. a4) 26... Qg6 $14 27. Rd1 Nd5 28. Bd6 Re8 {Weighted Error Value: White=0.15 (very precise) /Black=0.21 (precise) .  Mistake:       	White=3     	Black=2      Inaccurate:     	---       	Black=2      OK:         	White=7     	Black=7      Best:        	---       	Black=1} 1/2-1/2

[Event "Vojvodina Open 2024-A 2024"]
[Site "Novi Sad"]
[Date "2024.06.28"]
[Round "6.4"]
[White "Tippa, Aswath Srisai"]
[Black "Kushagra Mohan"]
[Result "1/2-1/2"]
[ECO "A62"]
[WhiteElo "1647"]
[BlackElo "2367"]
[Annotator "RC"]
[PlyCount "68"]
[EventDate "2024.06.03"]
[EventType "swiss"]
[EventCountry "SRB"]
[SourceTitle "playchess.com"]
[Source "ChessBase"]
[SourceQuality "1"]
[TimeControl "40/5400+30:900+30"]

1. d4 Nf6 2. c4 e6 3. g3 c5 4. d5 exd5 5. cxd5 d6 6. Bg2 g6 7. Nc3 Bg7 8. Nf3 O-O 9. O-O Re8 10. Bf4 h6 11. Qc1 g5 12. Be3 Bf5 13. h4 g4 14. Nd2 Rxe3 15. fxe3 Bg6 16. Nc4 Qe7 17. e4 Nh5 18. Kh2 Nd7 19. a4 a6 20. Ra3 Rb8 21. Rb3 b6 22. Qe1 Ne5 23. Ne3 Qd7 24. Nf5 b5 25. axb5 axb5 26. Nxg7 Kxg7 27. Nd1 b4 28. Rd3 c4 29. Rd2 Qa7 30. Rc2 Qd4 31. Rd2 Qc5 32. Rc2 Qd4 33. Rd2 Qc5 34. Rc2 Qd4 1/2-1/2

[Event "Vojvodina Open 2024-A 2024"]
[Site "Novi Sad"]
[Date "2024.06.28"]
[Round "6.5"]
[White "Bryakin, Mikhail"]
[Black "Gur, Ali"]
[Result "1/2-1/2"]
[ECO "E11"]
[WhiteElo "2469"]
[BlackElo "1968"]
[Annotator "TA"]
[PlyCount "74"]
[EventDate "2024.06.03"]
[EventType "swiss"]
[EventCountry "SRB"]
[SourceTitle "playchess.com"]
[Source "ChessBase"]
[SourceQuality "1"]
[TimeControl "40/5400+30:900+30"]

1. d4 Nf6 2. c4 e6 3. Nf3 Bb4+ 4. Bd2 Qe7 5. g3 Bxd2+ 6. Nfxd2 O-O 7. Nc3 d6 8. e3 {[%emt 0:01:16] White has an edge.} e5 9. d5 a5 10. Rg1 ({White should play} 10. e4 $11) 10... Na6 11. g4 Nc5 12. g5 Nfd7 13. Qh5 f5 14. f3 Nb6 15. Nb3 Nxb3 16. axb3 Bd7 17. Rg2 Be8 ({Black should try} 17... a4 $17 18. bxa4 Nxa4 19. Nxa4 Rxa4 (19... Bxa4 20. Rc1 $17) 20. Rxa4 Bxa4) 18. Qh4 $15 Bg6 19. Qf2 Nd7 20. h4 Nc5 21. Qc2 Bh5 22. Kf2 Qd7 23. Rh2 c6 24. Bg2 (24. Be2 $17) 24... e4 (24... Qc7 $19 {Strongly threatening ...f4.} 25. Kf1 Kh8) 25. f4 Nd3+ 26. Kg3 Qc7 27. dxc6 (27. Na4 $15 {should be considered.}) 27... bxc6 $17 28. Na4 (28. Bf1 $17 {was called for.}) 28... Rab8 ({Better is} 28... Qa7 $19 29. Qd2 d5) 29. Bf1 Qa7 $40 {[%emt 0:01:23][%mdl 128] Black goes for the king.} 30. c5 Bf7 (30... dxc5 31. Bxd3 exd3 32. Qxd3 $17) 31. Ra3 dxc5 {[%emt 0:04:51][%cal Oc5c4] [#] And now ...c4! would win.} (31... Nxc5 32. Nxc5 Qxc5 33. Qxc5 dxc5 34. Rc2 Rxb3 35. Rxb3 (35. Rxa5 Rxe3+ 36. Kg2 c4 $17) (35. Rxc5 Rxb2 36. Raxa5 Bd5 $11) 35... Bxb3 36. Rxc5 $16) 32. Bxd3 exd3 33. Qxc5 (33. Qxd3 $17 {might work better.} Qe7 34. Qe2) 33... Qxc5 $19 34. Nxc5 Rfe8 35. Rd2 Rxe3+ 36. Kf2 Rh3 {[%emt 0:00:00] [#] ...Rh2+ would now be deadly.} 37. Nd7 (37. Rxd3 {was necessary.} Rxh4 38. Rxa5) 37... Rb4 {[%emt 0:00:00][%mdl 32768] Weighted Error Value: White=0.34/Black=0.18 (very precise) .  Mistake:       	White=6     	Black=3      Inaccurate:     	White=5     	Black=2      OK:         	White=7     	Black=16     Best:        	White=6     	Black=1     . An unexpected result.} ({Weaker is} 37... Rxb3 38. Rxa5 Bd5 (38... Rxh4 39. Ra8+ $16) 39. Ra8+ Kf7 40. Nc5 $17) 1/2-1/2

[Event "Vojvodina Open 2024-A 2024"]
[Site "Novi Sad"]
[Date "2024.06.28"]
[Round "6.6"]
[White "Drazic, Sinisa"]
[Black "Pranav K P"]
[Result "1-0"]
[ECO "D73"]
[WhiteElo "2263"]
[BlackElo "2223"]
[Annotator "RC"]
[PlyCount "63"]
[EventDate "2024.06.03"]
[EventType "swiss"]
[EventCountry "SRB"]
[SourceTitle "playchess.com"]
[Source "ChessBase"]
[SourceQuality "1"]
[TimeControl "40/5400+30:900+30"]

1. Nf3 Nf6 2. g3 g6 3. Bg2 Bg7 4. d4 O-O 5. O-O d5 6. c4 c6 7. Qb3 b6 8. Nc3 Bb7 9. Bf4 Nh5 10. Be5 f6 11. Bxb8 Rxb8 12. cxd5 cxd5 13. e4 Ba6 14. Rfe1 Bc4 15. Qa4 a5 16. exd5 b5 17. Qc2 Rc8 18. Qd2 b4 19. Nd1 f5 20. Ne3 Bxd5 21. Nxd5 Qxd5 22. Rxe7 Rfd8 23. b3 Bxd4 24. Nxd4 Qd6 25. Qe3 Nf6 26. Re6 Qxd4 27. Qxd4 Rxd4 28. Rxf6 Rd2 29. Rc6 Re8 30. Bf1 Ra8 31. Rc7 Kf8 32. Rxh7 1-0

[Event "Vojvodina Open 2024-A 2024"]
[Site "Novi Sad"]
[Date "2024.06.28"]
[Round "6.7"]
[White "Harsh Suresh"]
[Black "Masic, Predrag"]
[Result "0-1"]
[ECO "A04"]
[WhiteElo "2426"]
[BlackElo "2176"]
[Annotator "RC"]
[PlyCount "147"]
[EventDate "2024.06.03"]
[EventType "swiss"]
[EventCountry "SRB"]
[SourceTitle "playchess.com"]
[Source "ChessBase"]
[SourceQuality "1"]
[TimeControl "40/5400+30:900+30"]

1. e4 e6 2. d3 c5 3. Nf3 Nc6 4. g3 g6 5. Bg2 Bg7 6. O-O Nge7 7. Re1 d6 8. c3 e5 9. Be3 O-O 10. d4 exd4 11. cxd4 Bg4 12. dxc5 dxc5 13. Nbd2 b6 14. Qb1 Qd7 15. Nc4 Rad8 16. Bf4 Bxf3 17. Bxf3 Qe6 18. Ne3 Ne5 19. Bxe5 Qxe5 20. Nd5 Nxd5 21. exd5 Qxb2 22. Qxb2 Bxb2 23. Rab1 Bf6 24. Rec1 Rfe8 25. Rc2 Bd4 26. a4 Rd6 27. Kg2 h5 28. Rf1 Kg7 29. h3 Re5 30. Rd2 Kf8 31. Rc2 Ke7 32. Rb1 Rf6 33. g4 h4 34. a5 Kf8 35. Ra2 Bc3 36. axb6 axb6 37. Ra8+ Re8 38. Rxe8+ Kxe8 39. Be2 Bb4 40. Ra1 Ke7 41. Ra8 Rf4 42. Rc8 Rd4 43. Rc7+ Kf8 44. Rc6 Ba5 45. d6 Kg7 46. g5 Bd2 47. Rxb6 Bf4 48. Rc6 Bxd6 49. Kf1 Kf8 50. Rc8+ Kg7 51. Rc6 Be7 52. Rc7 Kf8 53. Rc8+ Rd8 54. Rxd8+ Bxd8 55. Bc4 Bxg5 56. Ke2 Bf6 57. Bb3 Bd4 58. Bc4 Ke7 59. Bb3 f5 60. Bc4 Kf6 61. Ba2 Ke5 62. Bf7 Kf6 63. Ba2 Bxf2 64. Kxf2 Ke5 65. Ke3 g5 66. Bb3 g4 67. hxg4 fxg4 68. Ba4 c4 69. Bd7 g3 70. Bh3 c3 71. Kd3 Kf4 72. Bg2 Kg4 73. Kxc3 h3 74. Bxh3+ 0-1

[Event "Vojvodina Open 2024-A 2024"]
[Site "Novi Sad"]
[Date "2024.06.28"]
[Round "6.8"]
[White "Ivanov, Mikhail M"]
[Black "Pasa, Ahmet"]
[Result "1-0"]
[ECO "E06"]
[WhiteElo "2248"]
[BlackElo "2056"]
[Annotator "RC"]
[PlyCount "139"]
[EventDate "2024.06.03"]
[EventType "swiss"]
[EventCountry "SRB"]
[SourceTitle "playchess.com"]
[Source "ChessBase"]
[SourceQuality "1"]
[TimeControl "40/5400+30:900+30"]

1. d4 d5 2. c4 e6 3. g3 Nf6 4. Bg2 Be7 5. Nf3 O-O 6. Nc3 dxc4 7. Ne5 Nc6 8. Bxc6 bxc6 9. Nxc6 Qe8 10. Nxe7+ Qxe7 11. Qa4 e5 12. d5 Rb8 13. O-O Rb4 14. Qxa7 Bb7 15. Rd1 Ra8 16. Qe3 Rd8 17. Qg5 h6 18. Qh4 Bxd5 19. Nxd5 Rxd5 20. Rxd5 Nxd5 21. Qxe7 Nxe7 22. a4 Rb6 23. a5 Ra6 24. Bd2 Nc6 25. Ra4 Ra7 26. Bc3 f6 27. Kg2 Kf7 28. e4 g5 29. Rxc4 Nxa5 30. Bxa5 Rxa5 31. Rxc7+ Kg6 32. Rb7 g4 33. h3 h5 34. f3 gxf3+ 35. Kxf3 Ra1 36. h4 Rf1+ 37. Ke2 Rg1 38. Kf2 Rb1 39. Rb3 Rd1 40. Ke2 Rd4 41. Ke3 Kg7 42. Rb7+ Kg6 43. b4 Kh6 44. b5 Rb4 45. b6 Rb3+ 46. Kd2 Kg6 47. Rb8 Kg7 48. Kc2 Rb4 49. Kc3 Rb1 50. Kc4 Rb2 51. Kc5 Rc2+ 52. Kd6 Rd2+ 53. Kc6 Rc2+ 54. Kb7 Rc4 55. Rc8 Rxe4 56. Rc3 Rb4 57. Kc7 Kg6 58. b7 Kf5 59. b8=Q Rxb8 60. Kxb8 Kg4 61. Kc7 f5 62. Kd6 f4 63. gxf4 exf4 64. Ke5 Kxh4 65. Ke4 Kg4 66. Rc8 h4 67. Rg8+ Kh3 68. Kxf4 Kh2 69. Kg4 h3 70. Rh8 1-0

[Event "Vojvodina Open 2024-A 2024"]
[Site "Novi Sad"]
[Date "2024.06.28"]
[Round "6.9"]
[White "Leskur, Dejan"]
[Black "Yalcinkaya, Efe"]
[Result "1-0"]
[ECO "B42"]
[WhiteElo "2227"]
[BlackElo "2070"]
[Annotator "RC"]
[PlyCount "107"]
[EventDate "2024.06.03"]
[EventType "swiss"]
[EventCountry "SRB"]
[SourceTitle "playchess.com"]
[Source "ChessBase"]
[SourceQuality "1"]
[TimeControl "40/5400+30:900+30"]

1. e4 c5 2. Nf3 e6 3. d4 cxd4 4. Nxd4 a6 5. Bd3 Bc5 6. Nb3 Ba7 7. Nc3 Nc6 8. Qe2 d6 9. Be3 b5 10. O-O Nf6 11. a4 b4 12. Nb1 O-O 13. N1d2 Qc7 14. Bxa7 Rxa7 15. f4 Bb7 16. Kh1 Re8 17. Rae1 e5 18. fxe5 Nxe5 19. Nd4 Raa8 20. Qe3 d5 21. Rxf6 gxf6 22. Qf4 Qb6 23. Nf5 Kh8 24. Re3 Rg8 25. Nh6 Rg6 26. exd5 Nxd3 27. Rxd3 Re8 28. Nf1 Bxd5 29. Rxd5 Qb7 30. Rd2 Qe7 31. Nf5 Qe1 32. h4 h5 33. Kh2 Re4 34. Qf2 Qxf2 35. Rxf2 Rgg4 36. N1g3 Re1 37. Nxh5 Rc4 38. Nxf6 Re6 39. Nd5 Re1 40. b3 Rce4 41. Nf4 Rb1 42. Nd6 Ree1 43. Nxf7+ Kg8 44. Nd6 Red1 45. Nc4 Rbc1 46. Nd3 Rb1 47. Nxb4 Rh1+ 48. Kg3 Rbd1 49. Nxa6 Rd4 50. Rf4 Rd7 51. Nc5 Re7 52. Re4 Rg7+ 53. Rg4 Rc1 54. Ne3 1-0

[Event "Vojvodina Open 2024-A 2024"]
[Site "Novi Sad"]
[Date "2024.06.28"]
[Round "6.10"]
[White "Rupesh Reddy Y"]
[Black "Vihaan Dumir"]
[Result "1/2-1/2"]
[ECO "D37"]
[WhiteElo "1807"]
[BlackElo "2032"]
[Annotator "RC"]
[PlyCount "101"]
[EventDate "2024.06.03"]
[EventType "swiss"]
[EventCountry "SRB"]
[SourceTitle "playchess.com"]
[Source "ChessBase"]
[SourceQuality "1"]
[TimeControl "40/5400+30:900+30"]

1. d4 e6 2. c4 d5 3. Nc3 h6 4. Nf3 Nf6 5. h3 Bd6 6. e3 O-O 7. Bd3 b6 8. O-O dxc4 9. Bxc4 Bb7 10. Qe2 Nbd7 11. e4 e5 12. d5 a6 13. a4 Nh5 14. Be3 Qf6 15. g3 Bc8 16. Kh2 g5 17. Nxg5 Nf4 18. Bxf4 exf4 19. Nf3 Ne5 20. Nxe5 Qxe5 21. Qf3 f5 22. exf5 fxg3+ 23. Qxg3+ Qg7 24. f4 Rxf5 25. Ne4 Bb7 26. Qd3 Qf7 27. Rg1+ Kf8 28. Nxd6 cxd6 29. Qd4 Rxf4 30. Qxb6 Rf2+ 31. Rg2 Rxg2+ 32. Kxg2 Bxd5+ 33. Bxd5 Qxd5+ 34. Kg1 Qg5+ 35. Kf1 Kg8 36. Qg1 Rf8+ 37. Ke2 Rb8 38. Qxg5+ hxg5 39. Rg1 Rxb2+ 40. Kd3 Rb3+ 41. Kc2 Rxh3 42. Rxg5+ Kf7 43. Ra5 Ke6 44. Rxa6 Kd5 45. Ra8 Kc4 46. Rc8+ Kb4 47. Rd8 Rh6 48. Kd3 Rh1 49. Kd2 Rh6 50. Kd3 Rh1 51. Ke4 1/2-1/2

[Event "Vojvodina Open 2024-A 2024"]
[Site "Novi Sad"]
[Date "2024.06.28"]
[Round "6.11"]
[White "Ljepic, Andrej"]
[Black "Sakmak, Kutay"]
[Result "1/2-1/2"]
[ECO "A45"]
[WhiteElo "2267"]
[BlackElo "1993"]
[Annotator "RC"]
[PlyCount "138"]
[EventDate "2024.06.03"]
[EventType "swiss"]
[EventCountry "SRB"]
[SourceTitle "playchess.com"]
[Source "ChessBase"]
[SourceQuality "1"]
[TimeControl "40/5400+30:900+30"]

1. d4 Nf6 2. Bg5 Ne4 3. Bf4 c5 4. f3 Nf6 5. d5 Qb6 6. Bc1 e6 7. e4 exd5 8. exd5 Bd6 9. c4 Qc7 10. g3 O-O 11. Bd3 b5 12. Nc3 bxc4 13. Bxc4 Ba6 14. Bxa6 Nxa6 15. Nge2 h6 16. O-O c4 17. Be3 Bc5 18. Bxc5 Qxc5+ 19. Qd4 Rab8 20. Rab1 Qxd4+ 21. Nxd4 Nb4 22. d6 g6 23. Rfd1 Rb6 24. Nde2 Re8 25. Rd2 Re3 26. b3 Rd3 27. Rdb2 Rbxd6 28. bxc4 Nc6 29. Nb5 Rd1+ 30. Kf2 Rxb1 31. Rxb1 Rd2 32. Nbc3 Ne5 33. Rb7 Nxc4 34. Rxa7 d5 35. Nb5 g5 36. g4 Rb2 37. Nbd4 h5 38. h3 hxg4 39. hxg4 Kg7 40. a4 Ra2 41. Nc6 Ne8 42. Ne7 Nf6 43. Nf5+ Kg6 44. Ra6 Nb2 45. Neg3 Nc4+ 46. Ke1 Ra1+ 47. Ke2 Ra2+ 48. Kd1 Ra1+ 49. Kc2 Re1 50. Nh5 Re6 51. Ne7+ Rxe7 52. Rxf6+ Kh7 53. Kc3 Ra7 54. Rf5 Rxa4 55. Rxf7+ Kh6 56. Rf6+ Kh7 57. Rf5 Ra3+ 58. Kd4 Nd2 59. Rxd5 Nxf3+ 60. Ke4 Nh2 61. Kf5 Ra4 62. Rd7+ Kh6 63. Rd6+ Kh7 64. Nf6+ Kh6 65. Ne4+ Kg7 66. Rd7+ Kh6 67. Rd6+ Kg7 68. Rg6+ Kf8 69. Rf6+ Kg7 1/2-1/2

[Event "Vojvodina Open 2024-A 2024"]
[Site "Novi Sad"]
[Date "2024.06.28"]
[Round "6.12"]
[White "Ashvath Mittal"]
[Black "Pantelic, Sasa"]
[Result "1/2-1/2"]
[ECO "B76"]
[WhiteElo "1986"]
[BlackElo "2237"]
[Annotator "RC"]
[PlyCount "102"]
[EventDate "2024.06.03"]
[EventType "swiss"]
[EventCountry "SRB"]
[SourceTitle "playchess.com"]
[Source "ChessBase"]
[SourceQuality "1"]
[TimeControl "40/5400+30:900+30"]

1. e4 c5 2. Nf3 d6 3. d4 cxd4 4. Nxd4 Nf6 5. Nc3 g6 6. Be3 Bg7 7. f3 O-O 8. Qd2 Nc6 9. O-O-O Be6 10. g4 Nxd4 11. Bxd4 Qa5 12. Kb1 Rfc8 13. a3 Rab8 14. Bxf6 Bxf6 15. Nd5 Qxd2 16. Rxd2 Bg5 17. Rd1 Kf8 18. h4 Bh6 19. g5 Bg7 20. Bh3 Rc6 21. Nf4 Bxh3 22. Rxh3 b5 23. c3 a5 24. Nd3 Rd8 25. Rh2 d5 26. exd5 Rxd5 27. Rhd2 e6 28. Nf2 Rxd2 29. Rxd2 Ke7 30. Ne4 h5 31. Rd3 f5 32. Nd2 Be5 33. Nb3 Rd6 34. Kc2 Bg3 35. Nxa5 Bxh4 36. f4 Bf2 37. Nb3 Rxd3 38. Kxd3 Kd6 39. Nd4 h4 40. Nxb5+ Kc6 41. Ke2 Bb6 42. Nd4+ Kd5 43. Kf3 Bxd4 44. cxd4 Kxd4 45. a4 e5 46. fxe5 Kxe5 47. a5 Kd5 48. b4 Kc6 49. a6 Kb6 50. b5 Ka7 51. Kf4 Kb6 1/2-1/2

[Event "Vojvodina Open 2024-A 2024"]
[Site "Novi Sad"]
[Date "2024.06.28"]
[Round "6.13"]
[White "Pranav Pradeep Nair"]
[Black "Ilincic, Aleksa"]
[Result "1-0"]
[ECO "B13"]
[WhiteElo "1818"]
[BlackElo "2232"]
[Annotator "RC"]
[PlyCount "75"]
[EventDate "2024.06.03"]
[EventType "swiss"]
[EventCountry "SRB"]
[SourceTitle "playchess.com"]
[Source "ChessBase"]
[SourceQuality "1"]
[TimeControl "40/5400+30:900+30"]

1. e4 c6 2. d4 d5 3. exd5 cxd5 4. Bd3 Nf6 5. c3 Bg4 6. Qb3 Qc7 7. h3 Bh5 8. g4 Bg6 9. Bxg6 hxg6 10. g5 Nfd7 11. Qxd5 Nc6 12. Ne2 e5 13. Be3 Rh4 14. Nd2 Nb6 15. Qb5 O-O-O 16. Nf3 exd4 17. Nexd4 Nxd4 18. Nxd4 a6 19. Qe2 Bc5 20. Qf3 Nc4 21. O-O-O Ba3 22. bxa3 Qa5 23. Nc2 Rxd1+ 24. Rxd1 Qb5 25. Nb4 Qa4 26. Rd5 Qxa3+ 27. Kd1 Nb2+ 28. Ke2 Na4 29. Kf1 Qxc3 30. Qxf7 Rh8 31. Qd7+ Kb8 32. Nxa6+ Ka8 33. Qd8+ Qc8 34. Nc7+ Kb8 35. Ba7+ Kxa7 36. Ra5+ Kb6 37. Nd5+ Kc6 38. Nb4# 1-0

[Event "Vojvodina Open 2024-A 2024"]
[Site "Novi Sad"]
[Date "2024.06.28"]
[Round "6.14"]
[White "Arvind Ramnath Iyer"]
[Black "Anakok, Deniz"]
[Result "1/2-1/2"]
[ECO "B45"]
[WhiteElo "1872"]
[BlackElo "1819"]
[Annotator "NA RC"]
[PlyCount "86"]
[EventDate "2024.06.03"]
[EventType "swiss"]
[EventCountry "SRB"]
[SourceTitle "playchess.com"]
[Source "ChessBase"]
[SourceQuality "1"]
[TimeControl "40/5400+30:900+30"]

1. e4 c5 2. Nf3 e6 3. d4 cxd4 4. Nxd4 Nf6 5. Nc3 Nc6 6. Ndb5 Bb4 7. Bf4 O-O 8. Bd6 Bxd6 9. Nxd6 a6 10. Be2 b5 11. a3 Qb6 12. O-O Nd4 13. e5 Ne8 14. Nce4 Nxd6 15. Nxd6 f6 16. Bd3 fxe5 17. Qh5 Nf5 18. Nxc8 Raxc8 19. g4 Nh6 20. Qxe5 Nxg4 21. Qe4 Nf6 22. Qh4 Rc5 23. Kh1 Qc6+ 24. f3 Rh5 25. Qg3 h6 26. Rad1 Rg5 27. Qf4 e5 28. Qe3 Ng4 29. Qe2 Nxh2 30. Kxh2 Rf4 31. Qe1 Qe6 32. Be4 Qf6 33. Rg1 Rh5+ 34. Kg2 Rfh4 35. Qe3 Rh2+ 36. Kf1 Qh4 37. Rd2 Qh3+ 38. Ke1 Rh1 39. Rxh1 Qxh1+ 40. Ke2 Rh2+ 41. Kd3 Qf1+ 42. Re2 Qd1+ 43. Qd2 Qf1 1/2-1/2

[Event "Vojvodina Open 2024-A 2024"]
[Site "Novi Sad"]
[Date "2024.06.28"]
[Round "6.15"]
[White "Popchev, Milko"]
[Black "Mijic, Sara"]
[Result "1-0"]
[ECO "C44"]
[WhiteElo "2159"]
[BlackElo "1920"]
[Annotator "RC"]
[PlyCount "99"]
[EventDate "2024.06.03"]
[EventType "swiss"]
[EventCountry "SRB"]
[SourceTitle "playchess.com"]
[Source "ChessBase"]
[SourceQuality "1"]
[TimeControl "40/5400+30:900+30"]

1. e4 e5 2. Nf3 Nc6 3. d3 Nf6 4. Be2 d5 5. exd5 Nxd5 6. O-O Be7 7. Re1 O-O 8. Bf1 Bf6 9. Nbd2 Bg4 10. h3 Bh5 11. c3 Bg6 12. Ne4 Be7 13. Ng3 Bd6 14. Qb3 Nb6 15. a4 Rb8 16. a5 Nd7 17. Qc4 a6 18. Nh4 Kh8 19. Nxg6+ fxg6 20. Ne4 Be7 21. Be3 Nf6 22. Ng5 Qd5 23. Ne6 Rfc8 24. b4 Nd8 25. Nc5 Nf7 26. Rac1 Rd8 27. d4 Bd6 28. Qe2 Qc6 29. g3 Qe8 30. Bg2 c6 31. Qc4 Nd5 32. Bd2 Bxc5 33. bxc5 Qd7 34. dxe5 Re8 35. f4 Qe6 36. Qe4 Qe7 37. Be3 Nh6 38. Bf2 Rbd8 39. Re2 Nc7 40. Ree1 Nd5 41. Qb1 Nf5 42. c4 Nc7 43. Qxb7 Rd2 44. Qxc6 Ne6 45. Rcd1 Ned4 46. Bxd4 Nxd4 47. Qd6 Ne2+ 48. Rxe2 Rxd6 49. cxd6 Qa7+ 50. Kh2 1-0